Arrhythmia, chaotic female vampiric Convict -------------- ------- -------- |[)")?%[/?!0!| |.....| --------- |......| |[%+)/@@"?:.!| |......# |........# |.......# |............| |..<..|# |.......|# #########.......|# -----------|-- |.....|# |....>..|# |%.....|# #### |.....|### |..%....|# -.------# # ##-.....| # |.......|# # # # ### # ------- ##........|### #### # # ### --------- # # % ### # ### ### # # ### # # #------- ----.----- # ################ #|.....| |........| ### # ---.-.--+- #|.....| |.....%..| # ###|........| #|.....| |.........###### #...[.....| #-.....| |........| |.._..>..| ------- |.........######### |........| ---------- ---------- Arrhythmia the Prisoner Experience level: 10 Strength: 18 Dexterity: 11 Constitution: 20 Intelligence: 12 Wisdom: 8 Charisma: 10 Health: 0(122) Energy: 58(58) AC: -9 Gold: 0 Moves: 7148 Your Inventory: Weapons Z - an uncursed rustproof [+0] broadsword named Luck Blade [Luck Blade] Armor b - an uncursed +0 striped shirt (being worn) k - a [blessed] +2 shield of reflection (being worn) n - a [blessed] +2 dwarvish mithril-coat (being worn) x - a blessed +1 leather hat [elven leather helm] (being worn) A - an uncursed burnt +0 pair of jackboots [high] (being worn) M - an uncursed +0 pair of padded gloves [leather] (being worn) Q - an uncursed +0 leather cloak (being worn) Comestibles s - an uncursed drained lizard corpse D - an uncursed Hyper Futa Mare Dick named Can't live without 'er Scrolls L - an uncursed scroll labeled KO BATE [of identify] Wands N - an uncursed wand of striking [0:5] Tools a - an uncursed [+0] unicorn horn f - an uncursed bag called Reggie [sack] m - an uncursed lock pick Contents of the sack: 1054 gold pieces an uncursed +0 dented pot an uncursed [+1] mummy wrapping an uncursed scroll labeled READ ME [of flood] a blessed scroll labeled TEMOV [of genocide] a blessed scroll labeled THARR [of teleportation] an uncursed scroll labeled THARR [of teleportation] a cursed clear potion [of unholy water] Spells known in the end: Name Level Category Fail Memory Your skills at the end: Fighting Skills shield [Basic / Basic] Weapon Skills flail [Skilled / Expert] sling [Basic / Skilled] Spellcasting Skills Final Attributes: You were piously aligned. Hunger level was 146. Your alignment was 44 / 45. Monster difficulty range was 0 - 6. Level difficulty was 3. You were immune to poison. You were immune to level-drain. You were immune to sickness. You could fly. You could survive without air. You regenerated. You had reflection. You were very lucky (5). You had extra luck. Bad luck did not time out for you. Good luck did not time out for you. You are dead. Vanquished creatures: a watch captain a large mimic 5 small mimics a gargoyle a tengu a human mummy 5 watchmen an incubus a crocodile a wolf 2 leprechauns an orc-captain an iron piercer a mumak a horse a vampire bat a gnome king a gold golem a Green-elf a lizard a chickatrice a dog a housecat a jaguar a dwarf lord a blue jelly 2 white unicorns a gray unicorn 2 dust vortices a raven a snake a rope golem a wood nymph an orc shaman a rock piercer a rock mole a pony 2 yellow lights 7 gnome lords 2 gnomish wizards a kobold mummy 2 elf zombies 2 ghouls a straw golem a paper golem 3 wax golems a baby crocodile 2 giant ants 5 floating eyes a kitten 8 dwarves 2 kobold shamans a rothe a centipede a giant bat a monkey 4 iguanas 18 killer bees an acid blob a coyote a gas spore 2 hobbits 3 hobgoblins 4 giant rats a cave spider 3 yellow molds a red mold 45 gnomes 4 garter snakes 3 geckos 4 jackals 2 kobolds a goblin a sewer rat 3 grid bugs 4 bats 5 lichens 2 kobold zombies 4 newts 209 creatures vanquished. Voluntary challenges: You used a wielded weapon 2 times. You read items or engraved 1 time. You put on armor 24 times. You never genocided any monsters. You never polymorphed an object. You never changed form. You used 1 wish. You did not wish for any artifacts. You wrote Elbereth's name 1 time. You never encountered a bones level. You never used any Sokoban shortcuts. Dungeon overview: The Dungeons of Doom: levels 1 to 9 Level 1 a long staircase Level 2 a fountain Level 3 <- You were here a general store, an altar to Tymora stairs to The Gnomish Mines Level 4 a weapon shop Level 5 a fountain Level 6 an altar, some fountains Level 7 a fountain Level 9 many fountains The Gnomish Mines: levels 4 to 6 Level 4 stairs to The Dungeons of Doom Level 6 many shops, a temple to Tymora, a magic chest, some fountains History has recorded: On T:1 you entered the Dungeons of Doom to retrieve the Amulet of Yendor! On T:700 you advanced to experience level 2. On T:737 you reached level 2 of The Dungeons of Doom. On T:786 you advanced to experience level 3. On T:1006 you reached level 3 of The Dungeons of Doom. On T:1067 you wished for "blessed fixed +2 shield of reflection". On T:1153 you advanced to experience level 4. On T:1452 you reached level 1 of The Gnomish Mines. On T:1473 you advanced to experience level 5. On T:1579 you advanced to experience level 6. On T:2003 you reached level 2 of The Gnomish Mines. On T:2080 you advanced to experience level 7. On T:2641 you reached level 3 of The Gnomish Mines. On T:2900 you advanced to experience level 8. On T:3362 you advanced to experience level 9. On T:3385 you received Luck Blade from Tymora. On T:3675 you received a rustproof flail of stealth from Tymora. On T:4858 you reached level 4 of The Dungeons of Doom. On T:5172 you reached level 5 of The Dungeons of Doom. On T:5495 you reached level 6 of The Dungeons of Doom. On T:6091 you reached level 7 of The Dungeons of Doom. On T:6346 you reached level 8 of The Dungeons of Doom. On T:6692 you reached level 9 of The Dungeons of Doom. On T:6801 you advanced to experience level 10. Latest messages: Upernavik hits! Upernavik misses. [HP-4=27] [HP+1=28] You see here a concave amulet (267 zorkmids). Upernavik hits! (2x) [HP-10=18] [HP+1=19] You see here a velvet spellbook (178 zorkmids). Upernavik misses. Upernavik hits! [HP-1=18] You miss Upernavik. You bite Upernavik. Upernavik misses. Upernavik hits! [HP-7=11] You hit Upernavik. You miss Upernavik. Upernavik misses. (2x) Upernavik hits! (2x) You die... Upernavik takes all your possessions. Final status: Goodbye Arrhythmia the Convict... You died in The Dungeons of Doom on dungeon level 3 with 14992 points, and 1054 pieces of gold, after 7148 moves. You were level 10 with a maximum of 122 hit points when you died.